AoeStats
← Enkidu

Arabia

511001555Analyzed
2v2 RM · 12h ago on Oct 3, 2026· 28m 44s· 4 players
Game mode
Random Map
Map size
Medium (4 player)
Population
200
Speed
Normal
Resources
Standard
Victory
Conquest
Starting age
Dark Age
Ending age
Imperial Age
RankedLock teamsTeams togetherTeam positionsShared explorationLock speedFull tech treeHidden civsTurbo modeCheats
Victory
Defeat
🇨🇳 Shu · China
1253
+13
🇨🇳 Burgundians · China
1220
+14
🇦🇹 Danes · Austria
1200
-14
🇦🇹 Wei · Austria
1179
-13
rickyld
6:05 Loom
9:06 Feudal Age
9:41 Double-Bit Axe
10:01 Horse Collar
18:23 Wheelbarrow
18:06 Scale Barding Armor
21:14 Castle Age
19:22 Gold Mining
20:04 Bloodlines
20:33 Forging
22:52 Gold Shaft Mining
22:32 Bow Saw
23:15 Chain Barding Armor
23:49 Town Watch
25:22 Iron Casting
26:46 Fletching
27:42 Husbandry
Enkidu
7:08 Loom
9:51 Feudal Age
9:53 Man-at-Arms
10:20 Double-Bit Axe
10:46 Town Watch
13:36 Horse Collar
16:40 Fletching
17:06 Padded Archer Armor
23:19 Castle Age
22:23 Arson
22:42 Scale Mail Armor
22:52 Forging
24:19 Wheelbarrow
24:05 Squires
23:50 Gambesons
24:36 Bow Saw
24:36 Heavy Plow
26:44 Elite Skirmisher
vzjkfsa
6:41 Loom
9:08 Feudal Age
9:40 Double-Bit Axe
14:06 Fletching
21:45 Castle Age
20:53 Padded Archer Armor
20:36 Horse Collar
20:48 Gold Mining
21:53 Crossbowman
22:29 Bodkin Arrow
23:11 Wheelbarrow
22:49 Bow Saw
25:42 Ballistics
29:20 Thumb Ring
x2835445976
6:50 Loom
9:39 Feudal Age
8:07 Double-Bit Axe
10:39 Bow Saw
20:15 Castle Age
19:46 Scale Barding Armor
19:53 Forging
19:25 Horse Collar
20:18 Gold Mining
20:19 Cavalier
21:46 Wheelbarrow
21:56 Iron Casting
23:10 Husbandry
24:49 Chain Barding Armor
Connection lost

Rejoining the realm…

Still unreachable

The connection could not be restored.

Session expired

The server has moved on; the page needs a fresh start.